 Dungeon Crawl Stone Soup version 0.27.1-33-g824d729ab1 (webtiles) character file.

Game seed: 11353573004925914146

78 Eitelfritz the Slasher (level 4, -3/33 HPs)
             Began as a Demonspawn Gladiator on Dec 1, 2021.
             Slain by Terence (6 damage)
             ... on level 2 of the Dungeon.
             The game lasted 00:02:41 (1774 turns).

Eitelfritz the Slasher (Demonspawn Gladiator)       Turns: 1774, Time: 00:02:42

Health: -3/33      AC:  3    Str: 14    XL:     4   Next: 15%
Magic:  4/4        EV: 12    Int: 11    God:
Gold:   136        SH:  0    Dex: 14    Spells: 3/3 levels left

rFire    . . .     SeeInvis .   a - +0 long sword
rCold    . . .     Faith    .   (no shield)
rNeg     . . .     Spirit   .   b - +0 leather armour
rPois    .         Reflect  .   (helmet restricted)
rElec    .         Harm     .   (no cloak)
rCorr    .         Rampage  .   (no gloves)
Will     .....                  (no boots)
Stlth    +.........             (no amulet)
HPRegen  0.11/turn              (no ring)
MPRegen  0.09/turn              (no ring)

@: no status effects
A: antennae 1, foul stench 1
a: no special abilities


You were on level 2 of the Dungeon.
You visited 1 branch of the dungeon, and saw 2 of its levels.

You collected 136 gold pieces.

Inventory:

Hand Weapons
 a - a +0 long sword (weapon)
 i - a +0 hand crossbow
Missiles
 d - 3 throwing nets (quivered)
Armour
 b - a +0 leather armour (worn)
Scrolls
 e - 2 scrolls of teleportation {unknown}
 g - a scroll of summoning {unknown}
 h - 2 scrolls of enchant armour {unknown}
 j - a scroll of enchant weapon {unknown}
Potions
 f - a potion of flight {unknown}
 k - a potion of haste {unknown}


   Skills:
 + Level 2.2 Fighting
 + Level 3.8 Long Blades
 + Level 1.9 Throwing
 + Level 0.9 Armour
 + Level 3.2 Dodging


You had 3 spell levels left.
You didn't know any spells.
Your spell library contained the following spells:

 Spells                   Type           Power      Damage    Failure   Level
 Blink                    Tloc           N/A        N/A       54%         2
 Static Discharge         Conj/Air       0%         N/A       54%         2
 Call Canine Familiar     Summ           0%         N/A       78%         3
 Portal Projectile        Hex/Tloc       0%         N/A       78%         3
 Dispel Undead            Necr           0%         3d6       99%         4
 Leda's Liquefaction      Hex/Erth       0%         N/A       99%         4
 Sticky Flame             Conj/Fire      0%         2d3       99%         4
 Manifold Assault         Tloc           0%         N/A       100%        5
 Storm Form               Tmut/Air       0%         N/A       100%        7


Dungeon Overview and Level Annotations

Branches:
Dungeon (2/15)

Altars:

Annotations:
D:2 Terence


Innate Abilities, Weirdness & Mutations

You have a pair of small antennae on your head.
You may rarely emit foul miasma when damaged in melee.


Message History

Terence hits you with a +0 short sword.
You slash Terence!
Terence is heavily wounded.
Terence hits you with a +0 short sword!
You hit Terence.
Terence is heavily wounded.
Terence barely misses you.
You slash Terence!
Terence is almost dead.
Terence misses you.
You riposte.
You barely miss Terence.
Terence is almost dead.
Terence drinks a potion.
Terence is healed!
You hit Terence.
Terence is lightly wounded.
Terence hits you with a +0 short sword!
You closely miss Terence.
Terence is lightly wounded.
Terence barely misses you.
You barely miss Terence.
Terence is lightly wounded.
Terence hits you with a +0 short sword.
You hit Terence but do no damage.
Terence is lightly wounded.
Terence closely misses you.
You riposte.
You hit Terence.
Terence is moderately wounded.
You barely miss Terence.
Terence is moderately wounded.
Terence hits you with a +0 short sword.
* * * LOW HITPOINT WARNING * * *
Terence hits you with a +0 short sword.
* * * LOW HITPOINT WARNING * * *
You hit Terence but do no damage.
Terence is moderately wounded.
Terence misses you.
You riposte.
You hit Terence but do no damage.
Terence is moderately wounded.
You slash Terence!
Terence is severely wounded.
Terence screams, "I want your blood!" Terence hits you with a +0 short sword.
You die...

..# #.#
#.#.# ###
#.# ##.#.#
#.#
######....#
#.#
#.........#
#.#
#.####...##
..# #.#
##.## #)#
#.#
#[#####.#
#.JS@@..#
###
#.#######
.. #<# #.
#S# #.
##.##.#
#..#.<.#J#
#.#.......#
..........#
.........##


You could see Terence, an adder and an endoplasm.

Vanquished Creatures
  Jessica (D:2)
  A gnoll (D:1)
  3 ball pythons
  2 bats
  5 endoplasms
  2 giant cockroaches (D:1)
  4 goblins
  2 hobgoblins (D:1)
  4 jackals (D:1)
  2 quokkas
  2 frilled lizards (D:1)
  3 kobolds
  A quokka skeleton (D:2)
  5 rats (D:1)
37 creatures vanquished.

Notes
Turn   | Place    | Note
-------+----------+-------------------------------------------
     0 | D:1      | Eitelfritz the Demonspawn Gladiator began the quest for the
                  | Orb.
     0 | D:1      | Reached XP level 1. HP: 16/16 MP: 1/1
   153 | D:1      | Found a faded altar of an unknown god.
   155 | D:1      | Gained mutation: You may rarely emit foul miasma when
                  | damaged in melee. [demonic ancestry]
   155 | D:1      | Reached XP level 2. HP: 19/22 MP: 2/2
   686 | D:1      | Reached XP level 3. HP: 6/27 MP: 3/3
  1631 | D:2      | Noticed Jessica
  1636 | D:2      | Killed Jessica
  1637 | D:2      | Gained mutation: You have a pair of small antennae on your
                  | head. [demonic ancestry]
  1637 | D:2      | Reached XP level 4. HP: 21/33 MP: 4/4
  1748 | D:2      | Noticed Terence
  1774 | D:2      | Slain by Terence

Illustrated notes

Levels and vault maps discovered:
D:1:      dpeg_arrival_solitude, layout_basic,
          hellmonk_ecumenical_altar_heavens_door, minivault_19
D:2:      layout_loops_ring, uniq_terence, uniq_jessica

Skill      XL: |  1  2 |
---------------+-------+-----
Long Blades    | 3 |  3.8
Dodging        | 3 |  3.2
Fighting       | |  2.2
Throwing       | |  1.9
Armour         | |  0.9

Action                   |  1- 3 |  4- 6 || total
-------------------------+-------+-------++-------
Melee: Long sword        |    95 |    11 ||   106
Armor: Leather armour    |    32 |       ||    32
Dodge: Dodged            |    78 |     5 ||    83
       Rpst.: Long sword |    21 |     3 ||    24
